 Dungeon Crawl Stone Soup version 0.26.1-11-gd32895ea62 (webtiles) character file.

Game seed: 11215630763805215150

7326 Zeld the Basher (level 10, -1/88 HPs)
             Began as a Green Draconian Gladiator on June 16, 2021.
             Was a Believer of Qazlal.
             Slain by an orc warrior
             ... wielding a +6 glaive of protection
              (15 damage)
             ... on level 9 of the Dungeon.
             The game lasted 00:17:35 (18263 turns).

Zeld the Basher (Green Draconian Gladiator)        Turns: 18263, Time: 00:17:36

Health: -1/88      AC:  9    Str: 20    XL:     10   Next: 90%
Magic:  10/10      EV: 14    Int:  9    God:    Qazlal [**....]
Gold:   158        SH: 11    Dex: 16    Spells: 9/9 levels left

rFire    . . .     SeeInvis .   a - +3 mace
rCold    . . .     Faith    .   B - +0 kite shield "Ufekeici" {Regen+ rCorr Dex+4}
rNeg     . . .     Spirit   .   (armour unavailable)
rPois    +         Reflect  .   b - +0 hat
rElec    .         Harm     .   u - +0 cloak
rCorr    +         Rampage  .   w - +0 pair of gloves
Will     .....                  (no boots)
Stlth    +.........             (no amulet)
HPRegen  0.64/turn              (no ring)
MPRegen  0.12/turn              (no ring)

@: no status effects
A: breathe noxious fumes, unfitting armour, poison resistance, cold-blooded, AC
+7
a: Breathe Noxious Fumes, Renounce Religion, Upheaval


You were on level 9 of the Dungeon.
You worshipped Qazlal.
Qazlal was pleased with you.
You visited 2 branches of the dungeon, and saw 10 of its levels.

You collected 793 gold pieces.
You spent 635 gold pieces at shops.

Inventory:

Hand Weapons
 a - a +3 mace (weapon)
Missiles
 f - 274 stones
 x - 15 boomerangs
 y - 3 javelins
 A - 17 poisoned darts (quivered)
Armour
 b - a +0 hat (worn)
 u - a +0 cloak (worn)
 w - a +0 pair of gloves (worn)
 B - the +0 kite shield "Ufekeici" (worn) {Regen+ rCorr Dex+4}
   (You took it off a wight on level 9 of the Dungeon)

   It affects your dexterity (+4).
   It increases your rate of regeneration.
   It provides partial protection from all sources of acid and corrosion.
Jewellery
 G - an uncursed ring of resist corrosion
Wands
 c - a wand of iceblast (13)
 k - a wand of paralysis (7)
 v - a wand of flame (23)
 E - a wand of acid (12)
 F - a wand of digging (7)
Scrolls
 g - 4 scrolls of remove curse
 i - a scroll of fog {unknown}
 j - 2 scrolls of enchant armour
 o - a scroll of fear
 p - a scroll of blinking
 q - 2 scrolls of teleportation
 r - a scroll of magic mapping
 s - a scroll of enchant weapon
 C - a scroll of holy word {unknown}
Potions
 d - 2 potions of berserk rage
 e - a potion of invisibility
 h - a potion of might
 l - a potion of cancellation {unknown}
 m - a potion of mutation {unknown}
 n - 2 potions of curing {unknown}
 t - 7 potions of brilliance {unknown}
 z - 3 potions of resistance
 D - a potion of lignification {unknown}


   Skills:
 + Level 7.8 Fighting
 * Level 10.2 Maces & Flails
 * Level 9.2 Throwing
 + Level 6.8 Dodging


You had 9 spell levels left.
You didn't know any spells.
Your spell library contained the following spells:

 Spells                   Type           Power        Failure   Level
 Beastly Appendage        Tmut           0%           96%         1
 Freeze                   Ice            0%           96%         1
 Wereblood                Tmut           0%           99%         2
 Frozen Ramparts          Ice            0%           100%        3
 Ozocubu's Armour         Ice            0%           100%        3
 Spider Form              Tmut/Pois      0%           100%        3
 Hailstorm                Conj/Ice       0%           100%        4
 Ice Form                 Ice/Tmut       0%           100%        4
 Summon Ice Beast         Ice/Summ       0%           100%        4
 Blade Hands              Tmut           0%           100%        5


Dungeon Overview and Level Annotations

Branches:
Dungeon (9/15)             Temple (1/1) D:4             Orc (0/2) D:9
   Lair: D:8-11

Altars:
Ashenzari
Cheibriados
Dithmenos
Elyvilon
Fedhas
Gozag
Hepliaklqana
Kikubaaqudgha
Makhleb
Nemelex Xobeh
Okawaru
Qazlal
Ru
Sif Muna
Trog
Uskayaw
Vehumet
Wu Jian
Xom
Yredelemnul
Zin
The Shining One

Shops:
D:4 }   D:5 *   D:7 *   D:9 ?

Annotations:
D:6 2 transporters


Innate Abilities, Weirdness & Mutations

You can breathe blasts of noxious fumes.
Your lurid green scales are hard. (AC +7)
You cannot fit into any form of body armour.
Your system is resistant to poisons. (rPois)
You are cold-blooded and may be slowed by cold attacks.


Message History

You hit the orc warrior but do no damage.
The orc warrior is heavily wounded.
The orc warrior hits you with a +6 glaive of protection!
* * * LOW HITPOINT WARNING * * *
You are too injured to fight recklessly!
You are too injured to fight recklessly!
You hit the orc warrior but do no damage.
The orc warrior is heavily wounded.
You block the orc warrior's attack.
You are too injured to fight recklessly!
You hit the orc warrior but do no damage.
You tail-slap the orc warrior, but do no damage.
The orc warrior is heavily wounded.
The orc warrior completely misses you.
You are too injured to fight recklessly!
You hit the orc warrior.
You tail-slap the orc warrior, but do no damage.
The orc warrior is severely wounded.
The orc warrior hits you with a +6 glaive of protection!
You die...

.#####.......########.#.#.#.#.###
...##........# ...#..#.#.#.#.#
.............# #.#..#.#)#.#.###
.###.......#.#. #.'#.#.#.#.#.#'.
## ####...##.#.###.##)#.#.#.#..#.
##.....#.....##.#.#.#.#..##
#.....###'#####.##.#.#.###
##....##..§).# ####.#.####.
#....####☼@.## ##.####.. #
##...## ##o## #####... # #..#.#
#h# #..⌠. # ##..#.# ... ##... ##
#..##.# .⌠. ###.. .####..##.#
#...# #.##. .......#..# .#.#.
#..## .......#..## ##.##
########..# ######.....##
##...#.###..


You could see an orc warrior and a hound.

Vanquished Creatures
  2 two-headed ogres (D:9)
  An ugly thing (D:9)
  2 trolls
  Prince Ribbit (D:7)
  A wraith (D:9)
  A steam dragon (D:9)
  A vampire mosquito (D:9)
  A water moccasin (D:9)
  An acid dragon (D:9)
  A black bear (D:9)
  4 ice beasts
  2 sky beasts
  6 orc warriors
  A necrophage (D:9)
  A phantom (D:7)
  5 ogres
  7 centaurs
  4 bullfrogs
  A water moccasin zombie (D:9)
  2 scorpions
  A wyvern skeleton (D:6)
  A water moccasin skeleton (D:8)
  A wight (D:9)
  A killer bee (D:9)
  A howler monkey (D:9)
  A bullfrog zombie (D:9)
  8 hounds
  6 orc priests
  5 jellies
  3 bullfrog skeletons
  A gnoll shaman (D:7)
  3 iguanas
  5 orc wizards
  10 worker ants
  A statue (D:4)
  A killer bee zombie (D:9)
  A hound zombie (D:9)
  A howler monkey zombie (D:6)
  2 worker ant zombies
  10 adders
  5 gnolls (D:7)
  2 shadow imps
  A white imp (D:9)
  3 ufetubi
  An ooze (D:4)
  2 adder zombies
  An adder skeleton (D:5)
  4 leopard geckos
  26 orcs
  5 bats
  A giant cockroach (D:3)
  9 goblins
  13 hobgoblins
  11 jackals
  4 kobolds
  4 quokkas
  4 frilled lizards
  A jackal skeleton (D:8)
  3 quokka skeletons
  6 rats
214 creatures vanquished.

Vanquished Creatures (others)
  A worker ant (D:9)
  A quokka (D:7)
2 creatures vanquished.

Grand Total: 216 creatures vanquished

Notes
Turn   | Place    | Note
-------+----------+-------------------------------------------
     0 | D:1      | Zeld the Draconian Gladiator began the quest for the Orb.
     0 | D:1      | Reached XP level 1. HP: 17/17 MP: 1/1
   307 | D:1      | Reached XP level 2. HP: 14/24 MP: 2/2
  1006 | D:2      | Found an ornate altar of the Wu Jian Council.
  1006 | D:2      | Found a hide-covered altar of Uskayaw.
  1006 | D:2      | Found a shimmering altar of Xom.
  1247 | D:2      | Found a faded altar of an unknown god.
  1882 | D:2      | Reached XP level 3. HP: 28/30 MP: 3/3
  2839 | D:3      | Reached XP level 4. HP: 26/37 MP: 4/4
  3003 | D:3      | Found a glowing golden altar of the Shining One.
  3367 | D:3      | Noticed an ogre
  3407 | D:3      | Killed an ogre
  3408 | D:3      | Reached skill level 4 in Maces & Flails
  3408 | D:3      | Reached XP level 5. HP: 5/45 MP: 5/5
  4949 | D:4      | Reached XP level 6. HP: 51/51 MP: 6/6
  5605 | D:4      | Found a staircase to the Ecumenical Temple.
  5620 | Temple   | Entered the Ecumenical Temple
  5929 | Temple   | Became a worshipper of Qazlal Stormbringer
  6188 | D:4      | Found a radiant altar of Vehumet.
  6256 | D:4      | Reached skill level 5 in Maces & Flails
  6677 | D:4      | Found an opulent altar of Gozag.
  6697 | D:4      | Found a basalt altar of Yredelemnul.
  6698 | D:4      | Found a hazy altar of Hepliaklqana.
  6700 | D:4      | Found a glowing golden altar of the Shining One.
  6702 | D:4      | Found a blossoming altar of Fedhas.
  6777 | D:4      | Found Nehu's Gadget Boutique.
  6782 | D:4      | Bought a wand of iceblast (13) for 170 gold pieces
  6782 | D:4      | Bought a wand of flame (20) for 110 gold pieces
  6855 | D:5      | Entered Level 5 of the Dungeon
  6860 | D:5      | Your scales start taking on a lurid green colour.
  6860 | D:5      | Reached XP level 7. HP: 58/58 MP: 7/7
  6860 | D:5      | Gained mutation: Your system is resistant to poisons.
                  | (rPois) [Green Draconian growth]
  7189 | D:5      | Found a transporter.
  8076 | D:5      | Found Meraiw's Assorted Antiques.
  8084 | D:5      | Bought a scroll of identify for 54 gold pieces
  8318 | D:5      | Found a transporter.
  8362 | D:5      | Reached skill level 6 in Maces & Flails
  8362 | D:5      | Reached skill level 5 in Throwing
  9241 | D:5      | Reached XP level 8. HP: 43/67 MP: 8/8
  9686 | D:5      | Bought a scroll of identify for 54 gold pieces
 10514 | D:6      | Reached skill level 5 in Fighting
 10602 | D:6      | Found a transporter.
 10602 | D:6      | Noticed a deep elf knight
 10622 | D:6      | Found a transporter.
 10793 | D:6      | Noticed a kobold demonologist
 11157 | D:7      | Reached skill level 7 in Maces & Flails
 11428 | D:7      | Reached * piety under Qazlal
 11801 | D:7      | Reached skill level 5 in Dodging
 12198 | D:7      | Noticed Prince Ribbit
 12207 | D:7      | Killed Prince Ribbit
 12208 | D:7      | Reached XP level 9. HP: 72/75 MP: 9/9
 12319 | D:7      | Found Baawke's Island Escapes.
 13459 | D:8      | Reached skill level 8 in Maces & Flails
 13763 | D:5      | Bought a scroll of remove curse for 81 gold pieces
 13763 | D:5      | Bought a brown potion for 24 gold pieces
 13954 | D:9      | Noticed a troll
 14017 | D:8      | Killed a troll
 14306 | D:9      | Got a wavering ruby amulet
 14404 | D:9      | Noticed a two-headed ogre
 14420 | D:9      | Killed a two-headed ogre
 14878 | D:9      | Identified the amulet of Summertime {Faith Str+5} (You
                  | found it on level 9 of the Dungeon)
 14963 | D:9      | Reached skill level 9 in Maces & Flails
 14963 | D:9      | Reached XP level 10. HP: 68/84 MP: 10/10
 15537 | D:9      | Found Lemuugiv's Magic Scroll Boutique.
 15553 | D:9      | Bought a scroll of blinking for 97 gold pieces
 15553 | D:9      | Bought a scroll of fear for 45 gold pieces
 16854 | D:9      | Reached ** piety under Qazlal
 16965 | D:9      | Found a staircase to the Orcish Mines.
 17664 | D:9      | Noticed a two-headed ogre
 17678 | D:9      | Killed a two-headed ogre
 17688 | D:9      | Reached skill level 10 in Maces & Flails
 18036 | D:9      | Identified the +8 war axe "Wonuchef" {venom, Int+3 Stlth+}
 18036 | D:9      | Identified the cursed +0 kite shield "Ufekeici" {Regen+
                  | rCorr Dex+4}
 18209 | D:9      | Noticed a red ugly thing
 18226 | D:9      | Killed a red ugly thing
 18263 | D:9      | Slain by an orc warrior

Illustrated notes

Levels and vault maps discovered:
D:1:      lemuel_arrival_broad_hall, layout_basic, minmay_ruptured
D:2:      layout_basic, gammafunk_temple_overflow_claw,
          chequers_ecumenical_altar_island
D:3:      cheibrodos_greedy_goblins, layout_basic, nicolae_tso_carved_into_rock
D:4:      layout_loops_ring, vehumet_statue, minitemple,
          minmay_temple_entry_tees, serial_shops, kennysheep_little_box
D:5:      gammafunk_cloud_chamber, layout_basic, serial_shops, shop
D:6:      gammafunk_wand_slinger, layout_rooms
D:7:      layout_gridville, grunt_ministairs_9, minmay_misc_feat_four_crosses,
          nicolae_island_escapes, uniq_prince_ribbit1
D:8:      layout_rooms, kennysheep_donut
D:9:      minmay_the_grid_octo_tiled_squarecenter [minmay_the_grid_octo_77,
          minmay_the_grid_octo_toaster, minmay_the_grid_octo_clover_2,
          minmay_the_grid_octo_odd_swirl,
          minmay_the_grid_square_5x5_megaprize_open,
          minmay_the_grid_square_5x5_minibox,
          minmay_the_grid_square_5x5_hourglass,
          minmay_the_grid_square_5x5_doubleslash,
          minmay_the_grid_square_5x5_inner_z], layout_layer_cave, david_orc_4,
          serial_shops, shop_fountains
Temple:   nicolae_temple_figure_eight

Skill      XL: |  1  2  3  4  5  6  7  8  9 10 |
---------------+-------------------------------+-----
Throwing       | 2 3 4 5 6 7 9 |  9.2
Dodging        | 3 4 5 6 |  6.8
Fighting       | 3 4 5 6 7 |  7.8
Maces & Flails | 4 5 6 7 9 10 | 10.2

Action                   |  1- 3 |  4- 6 |  7- 9 | 10-12 || total
-------------------------+-------+-------+-------+-------++-------
Melee: Flail             |   111 |   154 |   357 |    25 ||   647
       Tailslap          |    16 |    19 |    51 |    47 ||   133
       Mace              |       |       |       |   250 ||   250
Throw: Throwing net      |     2 |     3 |     2 |       ||     7
       Stone             |       |       |    10 |       ||    10
       Dart              |       |       |     6 |       ||     6
 Abil: Breathe Noxious F |       |       |    13 |    14 ||    27
Evoke: Wand              |       |       |     2 |     3 ||     5
  Use: Scroll            |       |       |    18 |     4 ||    22
 Stab: Sleeping          |       |     1 |     1 |       ||     2
       Held in net/web   |       |     1 |     2 |       ||     3
       Confused          |       |       |     9 |    12 ||    21
Armor: Skin              |    43 |    36 |    94 |    78 ||   251
Dodge: Dodged            |   116 |   104 |   322 |   167 ||   709
Block: Other             |       |       |    13 |    16 ||    29
       Kite shield       |       |       |       |    17 ||    17
